 Dungeon Crawl Stone Soup version 0.19.5 (webtiles) character file.

202608 JeffiDaFish the Peltast (level 18, -4/120 HPs)
             Began as a Gargoyle Fighter on Apr 4, 2017.
             Was the Champion of Okawaru.
             Slain by a jumping spider (7 damage)
             ... on level 1 of the Spider Nest on Apr 5, 2017.
             The game lasted 01:36:50 (31409 turns).

JeffiDaFish the Peltast (Gargoyle Fighter)         Turns: 31409, Time: 01:36:51

Health: -4/120     AC:  0    Str: 19    XL:     18   Next: 58%
Magic:  0/18       EV: 10    Int: 12    God:    Okawaru [******]
Gold:   1458       SH:  0    Dex: 15    Spells: 1 memorised, 14 levels left

rFire  . . .     SeeInvis .     (weapon currently unavailable)
rCold  . . .     Gourm    .     (armour currently unavailable)
rNeg   + . .     Faith    .     (shield currently unavailable)
rPois  ∞         Spirit   +     (helmet currently unavailable)
rElec  .         Reflect  .     (cloak currently unavailable)
rCorr  .         Harm     .     (gloves currently unavailable)
MR     +....                    (boots currently unavailable)
Stlth  ++........               m - amulet of guardian spirit
                                (ring currently unavailable)
                                (ring currently unavailable)

@: pig-form, flying, held, very quick
A: (big wings), negative energy resistance 1, (electricity resistance),
(unbreathing), petrification resistance, rot immunity, MP-powered wands, AC +13
a: Heroism, Finesse, Renounce Religion
}: 1/15 runes: barnacled


You were on level 1 of the Spider Nest.
You worshipped Okawaru.
Okawaru was exalted by your worship.
You were hungry.
You were a filthy swine.
You visited 6 branches of the dungeon, and saw 31 of its levels.
You visited 1 bazaar.
You also visited: Labyrinth.

You collected 2362 gold pieces.
You spent 904 gold pieces at shops.

Inventory:

Hand Weapons
 x - a +4 eveningstar of protection
 D - a +3 vampiric demon whip (melded)
Armour
 c - a +2 pair of boots of running (melded)
 p - a +2 cloak (melded)
 B - a +2 large shield
 C - a +2 hat (melded)
 F - a +2 large shield of protection (melded)
 G - the +7 chain mail of Melancholy (melded) {Stlth+}
   (Okawaru gifted it to you on level 2 of the Lair of Beasts)

   It makes you more stealthy.
 P - a +1 pair of gloves of dexterity (melded)
Jewellery
 i - an uncursed ring of resist corrosion
 m - an amulet of guardian spirit (around neck)
 r - a +3 ring of strength (melded)
 O - a +5 ring of protection (melded)
Scrolls
 h - 7 scrolls of fog
 l - 12 scrolls of remove curse
 q - 7 scrolls of identify
 t - 8 scrolls of amnesia
 y - 4 scrolls of recharging
 z - 5 scrolls of magic mapping
 A - a scroll of teleportation
 K - a scroll of summoning
 N - a scroll of fear
Potions
 b - 2 potions of cure mutation
 d - a potion of might
 e - 7 potions of brilliance
 n - 2 potions of resistance
 o - 7 potions of ambrosia
 w - 3 potions of haste
 E - 4 potions of heal wounds
 H - a potion of curing
Books
 u - a Young Poisoner's Handbook

   Spells                             Type                      Level
   a - Sting                          Conjuration/Poison           1
   b - Mephitic Cloud                 Conjuration/Poison/Air       3
   c - Olgreb's Toxic Radiance        Poison                       4
   d - Alistair's Intoxication        Transmutation/Poison         5
   e - Venom Bolt                     Conjuration/Poison           5
 J - a book of Spatial Translocations

   Spells                             Type                      Level
   a - Blink                          Translocation                2
   b - Shroud of Golubria             Charms/Translocation         2
   c - Lesser Beckoning               Translocation                3
   d - Portal Projectile              Translocation                3
   e - Teleport Other                 Translocation                3
   f - Passage of Golubria            Translocation                4
 M - a book of the Earth

   Spells                             Type                      Level
   a - Leda's Liquefaction            Hexes/Earth                  4
   b - Bolt of Magma                  Conjuration/Fire/Earth       5
   c - Statue Form                    Transmutation/Earth          6
   d - Iron Shot                      Conjuration/Earth            6
   e - Shatter                        Earth                        9
Comestibles
 f - 12 bread rations
 g - 3 slices of pizza
 j - 11 beef jerkies
 k - 14 meat rations
 v - 12 fruits
 L - a royal jelly


   Skills:
 + Level 15.6 Fighting
 + Level 16.2 Maces & Flails
 + Level 13.0 Armour
 + Level 7.0 Dodging
 - Level 2.7 Stealth
 + Level 20.7 Shields


You had 14 spell levels left.
You knew the following spells:

 Your Spells              Type           Power        Failure   Level  Hunger
a - Mephitic Cloud        Conj/Pois/Air  #.......     88%         3    ####...


Dungeon Overview and Level Annotations

Branches:
Dungeon (15/15)            Temple (1/1) D:4            Lair (6/6) D:9
 Shoals (4/4) Lair:3       Spider (3/4) Lair:4        Slime (0/5) Lair:6
    Orc (2/2) D:10            Elf (0/3) Orc:2        Vaults (0/5) D:13
 Depths (0/5) D:15

Altars:
Ashenzari
Cheibriados
Elyvilon
Fedhas
Hepliaklqana
Nemelex Xobeh
Okawaru
Qazlal
Ru
Sif Muna
Trog
Vehumet
Xom
Zin
The Shining One
Beogh
Jiyva

Shops:
D:5 =   D:7 %*   D:10 (   Orc:2 ?*?[

Portals:
Trove: D:14 (give +2 storm dragon scales)

Annotations:
Spider:2 Kirke


Innate Abilities, Weirdness & Mutations

You are resistant to torment.
((Your stone body is resilient. (AC +13)))
You are immune to poison.
((Your large and strong wings let you fly indefinitely.))
You resist negative energy. (rN+)
((You are resistant to electric shocks. (rElec)))
((You can survive without breathing.))
You are immune to petrification.
You are immune to rotting.
You expend magic power (3 MP) to strengthen your wands.


Message History

The hog barely misses you. The hog closely misses you. Something hits you.
You barely miss something.
The hog misses you. x2; Something hits you!
Something hits you!
* * * LOW HITPOINT WARNING * * *
You see here a wand of acid.
The hog is caught in a web!
The hog struggles to get unstuck from the web.
There is a stone staircase leading up here.
The hog closely misses you.
The hog pulls away from the web.
The hog bites you!
* * * LOW HITPOINT WARNING * * *
You fly upwards.
The worker ant completely misses you. The jumping spider pounces on you.
* * * LOW HITPOINT WARNING * * *
You are caught in a web!
The jumping spider bites you.
* * * LOW HITPOINT WARNING * * *
The jumping spider pounces on you!!
* * * LOW HITPOINT WARNING * * *
The jumping spider bites you!
You die...

.#.#..#......###.....##...##..#..
...##.....s#.#.......#.....#..##.
<†......#...###..###...###†#...†.
##...###...#.....##.....#.†^....#
#....#...#..#..#..#.#.#...^..###.
...#.#...#.##..#..#..##..#†#.....
.#...######...#....#.#.s##.#..###
.#..#.^#†.....#h.#.#.....>##....
#...##.....##..#hs#..#.#...#.....
#...#...##..# #as#.#s.##..#.#.#.
#.####..##..####a.#.......#..####
###.....#..(.#.as.aaa##...##...#
#.....#.#....#.s.###a#..#..#.....
..^##.###.#..#%#.#a†aa#......##.#
.#.#≈≈#.#....###..a†.....##...# #
≈≈≈##≈.....### ##'a'#.....#..##
#≈≈≈≈##..### #..a##.#.^#...#


You could see 3 orb spiders, a hog, 2 soldier ants, 2 jumping spiders and 2
worker ants.

Vanquished Creatures
  Frances (D:13)
  2 krakens
  Ilsuiw (Shoals:4)
  Roxanne (D:14)
  An orc warlord (Orc:2)
  The ghost of zephy the Warrior, a journeyman MiGl of Hepliaklqana (Orc:2)
  Nessos (D:13)
  6 merfolk javelineers
  Snorg (D:13)
  A minotaur (Lab)
  Josephine (D:15)
  The ghost of johnpbourne the Nimble, a journeyman TrBe of Trog (Lair:2)
  A yaktaur captain (D:15)
  5 merfolk impalers
  2 ogre magi (D:15)
  The ghost of unrecovered the Cleaver, a journeyman MiAK of Lugonu (D:12)
  Harold (D:10)
  Erolcha (D:10)
  6 merfolk avatars
  2 vault guards (D:13)
  10 hydras
  A catoblepas (Lair:4)
  Erica (D:10)
  5 centaur warriors
  3 death knights
  3 satyrs (Shoals:4)
  The ghost of antares the Spear-Bearer, a novice MfGl of Elyvilon (D:9)
  A queen ant (Spider:1)
  3 death yaks (Lair:6)
  7 merfolk aquamancers
  Urug (Lair:5)
  4 orc high priests (Orc:2)
  A tengu warrior (D:14)
  Sonja (D:10)
  Nergalle (Lair:4)
  3 fire crabs
  6 skeletal warriors
  2 wizards (D:13)
  2 unseen horrors (D:15)
  10 sea snakes
  A deep troll (D:15)
  8 hill giants
  A deep elf mage (D:15)
  2 necromancers (D:13)
  A phantasmal warrior (D:13)
  5 ugly things
  6 orc knights
  4 orb spiders (Spider:1)
  4 cyclopes
  4 orc sorcerers (Orc:2)
  12 fauns
  14 harpies
  15 manticores
  8 wolf spiders
  Maurice (D:13)
  11 water nymphs
  13 sirens
  2 black mambas
  A torpor snail (Spider:1)
  12 spiny frogs
  A spiny frog (shapeshifter) (D:13)
  2 rime drakes
  A yaktaur (D:15)
  7 komodo dragons
  A redback zombie (D:15)
  A gargoyle (D:11)
  2 demonic crawlers (Spider:1)
  2 freezing wraiths
  10 trolls
  13 two-headed ogres
  The ghost of michaelg83 the Chopper, an amateur HOFi of Uskayaw (D:4)
  4 polar bears
  34 merfolk
  5 hornets
  13 jumping spiders
  4 wind drakes
  12 hippogriffs
  27 blink frogs
  15 dream sheep
  13 snapping turtles
  5 slime creatures (D:13)
  A centaur simulacrum (D:14)
  12 spriggans (Lair:6)
  18 redbacks
  4 shadows (Lab)
  6 tarantellas (Spider:1)
  6 wraiths
  20 water elementals
  40 yaks
  3 wyverns
  2 fire bats (Shoals:2)
  19 humans (D:13)
  5 basilisks
  A steam dragon (Lair:4)
  5 hungry ghosts
  The ghost of Cesar21 the Insei, an amateur DsGl (D:3)
  6 vampire mosquitoes
  2 mottled dragons
  15 soldier ants (Spider:1)
  7 wargs
  11 water moccasins
  11 porcupines
  4 black bears
  44 orc warriors
  3 ice beasts
  2 eyes of draining
  6 sky beasts
  A hornet zombie (D:11)
  3 necrophages
  3 boggarts (Lair:6)
  28 ogres
  3 phantoms
  39 wolves
  4 centaurs
  4 big kobolds (D:10)
  23 crocodiles
  18 bullfrogs
  A gnoll sergeant (D:10)
  6 scorpions
  A wyvern skeleton (D:13)
  5 killer bees
  6 howler monkeys
  6 wights
  7 electric eels
  6 centaur zombies
  5 crimson imps
  A quasit (D:12)
  A bullfrog zombie (D:6)
  5 jellies
  A hound (D:14)
  23 orc wizards
  5 centaur skeletons
  34 orc priests
  Crazy Yiuf (D:3)
  A gnoll shaman (D:7)
  3 bullfrog skeletons
  6 iguanas
  14 worker ants
  A hound skeleton (D:6)
  2 worker ant zombies (D:8)
  8 gnolls
  15 adders
  5 shadow imps
  A worker ant simulacrum (D:11)
  An adder skeleton (D:7)
  3 worms
  4 dart slugs (D:1)
  8 leopard geckos
  133 orcs
  2 ball pythons
  3 giant cockroaches
  10 hobgoblins
  12 jackals
  3 kobolds
  3 quokkas
  9 bats
  7 frilled lizards
  4 goblins
  A jackal skeleton (D:7)
  A leopard gecko skeleton (D:4)
  14 rats
  A fungus (D:1)
  3 plants
  7 tentacles
1180 creatures vanquished.

Vanquished Creatures (collateral kills)
  A basilisk (Lair:2)
1 creature vanquished.

Vanquished Creatures (others)
  A water elemental (Shoals:4)
  A killer bee (D:11)
  An orc priest (Orc:2)
  A worker ant (Spider:1)
  A bat (D:3)
  A goblin (D:3)
  5 fungi
  25 plants
  41 tentacles
77 creatures vanquished.

Grand Total: 1258 creatures vanquished

Notes
Turn   | Place    | Note
-------+----------+-------------------------------------------
     0 | D:1      | JeffiDaFish the Gargoyle Fighter began the quest for the Orb.
     0 | D:1      | Reached XP level 1. HP: 14/14 MP: 1/1
    29 | D:1      | Reached XP level 2. HP: 7/19 MP: 2/2
   465 | D:1      | Reached XP level 3. HP: 22/24 MP: 3/3
  1337 | D:2      | Reached XP level 4. HP: 28/29 MP: 4/4
  1695 | D:3      | Noticed a necrophage
  1715 | D:2      | Killed a necrophage
  1715 | D:2      | Reached skill level 4 in Shields
  1715 | D:2      | Reached XP level 5. HP: 8/33 MP: 5/5
  2023 | D:3      | Reached XP level 6. HP: 12/39 MP: 6/6
  2246 | D:3      | Noticed Cesar21's ghost (amateur DsGl)
  2255 | D:3      | Killed Cesar21's ghost
  2255 | D:3      | Reached skill level 1 in Dodging
  2310 | D:3      | Reached skill level 5 in Shields
  2315 | D:3      | Reached XP level 7. HP: 24/44 MP: 7/7
  2344 | D:3      | Gained mutation: You possess an exceptional clarity of mind. [potion of beneficial mutation]
  2354 | D:3      | Gained mutation: Your muscles are strong. (Str +2) [potion of beneficial mutation]
  2818 | D:3      | Found a runed door.
  2822 | D:3      | Noticed Crazy Yiuf
  2824 | D:3      | Paralysed by Crazy Yiuf for 7 turns
  2834 | D:3      | Killed Crazy Yiuf
  3239 | D:4      | Found a staircase to the Ecumenical Temple.
  3244 | Temple   | Entered the Ecumenical Temple
  3370 | Temple   | Became a worshipper of Warmaster Okawaru
  3637 | D:4      | Reached skill level 5 in Maces & Flails
  3637 | D:4      | Reached skill level 5 in Armour
  3723 | D:4      | Noticed michaelg83's ghost (amateur HOFi)
  3732 | D:4      | Killed michaelg83's ghost
  3732 | D:4      | Reached skill level 5 in Fighting
  3732 | D:4      | Reached XP level 8. HP: 42/49 MP: 5/8
  3754 | D:4      | Reached * piety under Okawaru
  3950 | D:5      | Entered Level 5 of the Dungeon
  3956 | D:5      | Found Yrritt's Jewellery Shoppe.
  3964 | D:5      | Bought a +3 ring of strength for 204 gold pieces
  4261 | D:5      | Reached skill level 6 in Shields
  4790 | D:6      | Reached skill level 1 in Stealth
  4980 | D:6      | Reached ** piety under Okawaru
  4980 | D:6      | Reached XP level 9. HP: 49/54 MP: 9/9
  5283 | D:7      | Learned a level 3 spell: Mephitic Cloud
  5795 | D:7      | Found Xeneuhou's Assorted Antiques.
  5797 | D:7      | Found Laras's Food Emporium.
  6485 | D:8      | Reached skill level 7 in Shields
  6734 | D:8      | Noticed a two-headed ogre
  6743 | D:8      | Killed a two-headed ogre
  6743 | D:8      | Reached *** piety under Okawaru
  6904 | D:8      | Reached XP level 10. HP: 14/61 MP: 2/10
  7597 | D:8      | Reached **** piety under Okawaru
  7721 | D:9      | Reached skill level 8 in Shields
  7735 | D:9      | Noticed antares's ghost (novice MfGl)
  7774 | D:9      | Killed antares's ghost
  7847 | D:9      | Identified 3 scrolls of acquirement
  8055 | D:9      | Reached ***** piety under Okawaru
  8226 | D:9      | Found a staircase to the Lair.
  8317 | D:9      | Reached skill level 10 in Maces & Flails
  8438 | Lair:1   | Entered Level 1 of the Lair of Beasts
  8536 | Lair:1   | Noticed a spiny frog
  8551 | Lair:1   | Killed a spiny frog
  8551 | Lair:1   | Reached skill level 9 in Shields
  8751 | Lair:1   | Reached XP level 11. HP: 67/67 MP: 8/11
  9246 | Lair:2   | Received a gift from Okawaru
  9249 | Lair:2   | Identified the +7 chain mail of Melancholy {Stlth+} (Okawaru gifted it to you on level 2 of the Lair of Beasts)
  9382 | Lair:2   | Noticed johnpbourne's ghost (journeyman TrBe)
  9413 | Lair:1   | Reached skill level 10 in Shields
  9571 | Lair:2   | Killed johnpbourne's ghost
 10193 | Lair:3   | Reached XP level 12. HP: 52/75 MP: 4/12
 10261 | Lair:3   | Found a staircase to the Shoals.
 10408 | Lair:3   | Reached ****** piety under Okawaru
 10408 | Lair:3   | Received a gift from Okawaru
 10456 | Lair:3   | Identified the +1 morningstar "Jytse" {distort, +Inv rElec rF+ Str+4} (Okawaru gifted it to you on level 3 of the Lair of Beasts)
 10651 | Lair:3   | Reached skill level 11 in Shields
 10934 | Lair:4   | Noticed a four-headed hydra
 10945 | Lair:4   | Killed a four-headed hydra
 10958 | Lair:4   | Noticed a catoblepas
 10981 | Lair:4   | Killed a catoblepas
 10990 | Lair:4   | Noticed Nergalle
 11017 | Lair:4   | Killed Nergalle
 11038 | Lair:4   | Noticed a six-headed hydra
 11056 | Lair:4   | Killed a six-headed hydra
 11089 | Lair:4   | Found a snail-covered altar of Cheibriados.
 11114 | Lair:4   | Received a gift from Okawaru
 11190 | Lair:4   | Found a hole to the Spider Nest.
 11248 | Lair:4   | Reached skill level 12 in Shields
 11401 | Lair:4   | Reached skill level 10 in Fighting
 11401 | Lair:4   | Reached XP level 13. HP: 82/82 MP: 9/13
 11596 | Lair:4   | Reached skill level 10 in Armour
 11946 | Lair:5   | Noticed Urug
 11982 | Lair:5   | Killed Urug
 12154 | Lair:5   | Received a gift from Okawaru
 12334 | Lair:5   | Reached skill level 13 in Shields
 12859 | Lair:6   | Entered Level 6 of the Lair of Beasts
 13022 | Lair:6   | Received a gift from Okawaru
 13042 | Lair:6   | Received a gift from Okawaru
 13237 | Lair:6   | Gained mutation: Your large and strong wings let you fly indefinitely. [Gargoyle growth]
 13237 | Lair:6   | Reached XP level 14. HP: 90/90 MP: 12/14
 13600 | Lair:6   | Found a viscous altar of Jiyva.
 13601 | Lair:6   | Found a staircase to the Slime Pits.
 13642 | Lair:6   | Reached skill level 14 in Shields
 13709 | Lair:6   | Received a gift from Okawaru
 13837 | Lair:6   | Reached skill level 5 in Dodging
 14055 | Lair:6   | Lost mutation: Your muscles are strong. (Str +2) [potion of mutation]
 14055 | Lair:6   | Gained mutation: You are occasionally teleported next to monsters. [potion of mutation]
 14055 | Lair:6   | Gained mutation: You expend magic power (3 MP) to strengthen your wands. [potion of mutation]
 14056 | Lair:6   | Lost mutation: You expend magic power (3 MP) to strengthen your wands. [potion of cure mutation]
 14056 | Lair:6   | Lost mutation: You possess an exceptional clarity of mind. [potion of cure mutation]
 14056 | Lair:6   | Lost mutation: You are occasionally teleported next to monsters. [potion of cure mutation]
 14572 | D:10     | Entered Level 10 of the Dungeon
 14572 | D:10     | Noticed Harold
 14588 | D:10     | Killed Harold
 14716 | D:10     | Noticed Sonja
 14717 | D:10     | Noticed Erolcha
 14724 | D:10     | Noticed Erica
 14752 | D:10     | Received a gift from Okawaru
 14764 | D:10     | Killed Erica
 14802 | D:10     | Killed Erolcha
 14841 | D:10     | Killed Sonja
 14899 | D:10     | Identified the +2 chain mail "Byghinof" {Int+5} (You found it on level 10 of the Dungeon)
 14916 | D:10     | Found Idat's Antique Weapon Boutique.
 15020 | D:10     | Found a staircase to the Orcish Mines.
 15608 | D:11     | Received a gift from Okawaru
 15608 | D:11     | Reached skill level 15 in Shields
 16535 | D:12     | Noticed unrecovered's ghost (journeyman MiAK)
 16562 | D:12     | Killed unrecovered's ghost
 16945 | D:13     | Noticed Snorg
 16969 | D:13     | Killed Snorg
 16969 | D:13     | Received a gift from Okawaru
 16969 | D:13     | Reached XP level 15. HP: 96/97 MP: 9/15
 17080 | D:13     | Found a labyrinth entrance.
 17114 | D:13     | Noticed Frances
 17125 | Lab      | Entered a labyrinth
 18430 | D:13     | Killed Frances
 18600 | D:13     | Paralysed by a wizard for 2 turns
 18677 | D:13     | Found a gate to the Vaults.
 18818 | D:13     | Identified the +7 falchion of the Forgotten Demons {slice, -Tele rC++} (You found it on level 13 of the Dungeon)
 18856 | D:13     | Reached skill level 16 in Shields
 19087 | D:13     | Noticed Nessos
 19126 | D:13     | Killed Nessos
 19286 | D:13     | Received a gift from Okawaru
 19289 | D:13     | Identified the +5 chain mail of Tempters {MR+++ Int-5 Dex-2 Stlth+} (Okawaru gifted it to you on level 13 of the Dungeon)
 19393 | D:13     | Noticed Maurice
 19406 | D:13     | Killed Maurice
 20039 | D:14     | Noticed Roxanne
 20078 | D:14     | Killed Roxanne
 20664 | D:14     | Found a white marble altar of Elyvilon.
 21034 | D:14     | Found a portal to a secret trove of treasure.
 21140 | D:15     | Entered Level 15 of the Dungeon
 21424 | D:15     | Noticed Josephine
 21436 | D:15     | Killed Josephine
 21436 | D:15     | Reached XP level 16. HP: 89/104 MP: 14/16
 21453 | D:15     | Reached skill level 15 in Maces & Flails
 21464 | D:15     | Reached skill level 17 in Shields
 21975 | D:15     | Received a gift from Okawaru
 22034 | D:15     | Found a staircase to the Depths.
 22046 | D:15     | Got a pair of bloodstained gloves {god gift}
 22052 | D:15     | Identified the +0 pair of gloves of Okawaru's Reproof {Int+7 Dex+3} (Okawaru gifted it to you on level 15 of the Dungeon)
 22595 | Orc:1    | Entered Level 1 of the Orcish Mines
 23015 | Orc:2    | Entered Level 2 of the Orcish Mines
 23334 | Orc:2    | Noticed zephy's ghost (journeyman MiGl)
 23392 | Orc:2    | Killed zephy's ghost
 23588 | Orc:2    | Found a roughly hewn altar of Beogh.
 23609 | Orc:2    | Found Qeodgh's Armour Shoppe.
 23637 | Orc:2    | Gained mutation: You expend magic power (3 MP) to strengthen your wands. [a neqoxec]
 23800 | Orc:2    | Found Siucuram's Magic Scroll Emporium.
 23857 | Orc:2    | Bought a scroll of enchant weapon for 112 gold pieces
 24092 | Orc:2    | Found Faohiv's General Store.
 24123 | Orc:2    | Bought a scroll of enchant armour for 90 gold pieces
 24130 | Orc:2    | Found Mosuboaq's Magic Scroll Emporium.
 24241 | Orc:2    | Reached skill level 18 in Shields
 24522 | Orc:2    | Found a staircase to the Elven Halls.
 24614 | Orc:2    | Paralysed by an orc sorcerer for 7 turns
 24885 | Orc:2    | Found a roughly hewn altar of Beogh.
 25242 | Shoals:1 | Entered Level 1 of the Shoals
 25524 | Shoals:1 | Received a gift from Okawaru
 25638 | Shoals:1 | Reached XP level 17. HP: 112/112 MP: 17/17
 26836 | Shoals:2 | Received a gift from Okawaru
 27202 | Shoals:2 | Reached skill level 19 in Shields
 27749 | Shoals:3 | Noticed a kraken
 28258 | Shoals:3 | Found a flickering gateway to a bazaar.
 28267 | Bazaar   | Entered a bazaar
 28267 | Bazaar   | Found Agoarches's General Store.
 28267 | Bazaar   | Found Zoasucoodgh's Antique Armour Emporium.
 28271 | Bazaar   | Found Delevin's Antique Weapon Shoppe.
 28285 | Bazaar   | Found Huqus's Book Emporium.
 28303 | Bazaar   | Bought a +2 pair of boots of running for 498 gold pieces
 28487 | Shoals:3 | Killed a kraken
 28728 | Shoals:4 | Entered Level 4 of the Shoals
 28767 | Shoals:4 | Received a gift from Okawaru
 28774 | Shoals:4 | Reached skill level 15 in Fighting
 29162 | Shoals:4 | Noticed a kraken
 29403 | Shoals:4 | Reached XP level 18. HP: 119/119 MP: 13/18
 29511 | Shoals:4 | Reached skill level 20 in Shields
 29592 | Shoals:4 | Got a barnacled rune of Zot
 29945 | Shoals:4 | Received a gift from Okawaru
 30262 | Shoals:4 | Identified the Guide on Darkness
 30305 | Shoals:4 | Noticed Ilsuiw
 30411 | Shoals:4 | Killed Ilsuiw
 30691 | Spider:1 | Entered Level 1 of the Spider Nest
 30894 | Spider:1 | Received a gift from Okawaru
 31348 | Spider:2 | Noticed Kirke
 31409 | Spider:1 | HP: 3/120 [jumping spider (17)]
 31409 | Spider:1 | Slain by a jumping spider

Skill      XL: |  1  2  3  4  5  6  7  8  9 10 11 12 13 14 15 16 17 18 |
---------------+-------------------------------------------------------+-----
Fighting       | 4 5 6 7 8 10 11 12 13 14 15 | 15.6
Maces & Flails | 3 4 5 7 8 10 11 12 13 14 15 16 | 16.2
Armour         | 4 5 6 7 8 9 10 11 12 13 | 13.0
Shields        | 4 5 6 7 9 10 12 13 15 16 18 19 20 | 20.7
Dodging        | 1 2 3 4 5 6 7 |  7.0
Stealth        | 1 2 |  2.7

Action                   |  1- 3 |  4- 6 |  7- 9 | 10-12 | 13-15 | 16-18 || total
-------------------------+-------+-------+-------+-------+-------+-------++-------
Melee: Flail             |   139 |   194 |   414 |       |       |       ||   747
       Morningstar       |       |       |   128 |   121 |       |       ||   249
       Demon whip        |       |       |       |   909 |  2619 |  3420 ||  6948
       Unarmed           |       |       |       |       |       |    14 ||    14
 Abil: Fly               |       |       |       |       |     1 |       ||     1
  Use: Scroll            |     5 |       |    14 |    14 |    16 |    12 ||    61
       Potion            |     3 |     2 |    11 |     5 |     6 |     3 ||    30
 Stab: Held in net/web   |       |       |       |       |       |     1 ||     1
  Eat: Chunk             |     2 |     3 |    16 |    17 |    36 |    32 ||   106
       Beef jerky        |       |       |       |     3 |       |       ||     3
       Royal jelly       |       |       |       |       |     1 |     1 ||     2
Armor: Scale mail        |    95 |   137 |    21 |       |       |       ||   253
       Chain mail        |       |       |   268 |   264 |  1086 |  1258 ||  2876
       Plate armour      |       |       |    35 |   175 |       |       ||   210
Dodge: Dodged            |    54 |    91 |   131 |   218 |   631 |   723 ||  1848
Block: Shield            |    71 |   140 |   263 |   530 |  1044 |       ||  2048
       Large shield      |       |       |       |       |   648 |  3370 ||  4018
